 Dungeon Crawl Stone Soup version 0.29.0 (webtiles) character file.

Game seed: 1728585927285857392

3841 zenocrate the Prestidigitator (level 10, -3/79 HPs)
             Began as a Gnoll Wanderer on Aug 25, 2022.
             Was an Initiate of Gozag.
             Slain by an eight-headed hydra (11 damage)
             ... on level 7 of the Dungeon.
             The game lasted 00:12:34 (9133 turns).

zenocrate the Prestidigitator (Gnoll Wanderer)      Turns: 9133, Time: 00:12:35

Health: -3/79      AC: 12    Str: 13    XL:     10   Next: 18%
Magic:  8/8        EV: 12    Int: 15    God:    Gozag
Gold:   1013       SH:  0    Dex: 15    Spells: 14/19 levels left

rFire   + + .      SeeInvis .   b - +2 war axe of Inference {venom, Will+++ Str-3 Int+3}
rCold   . . .      Faith    .   (no shield)
rNeg    . . .      Spirit   .   E - +0 swamp dragon scales
rPois   +          Reflect  .   f - +1 helmet of the Candlemaker {rF+ MP-9 Str+4}
rElec   .          Harm     .   (no cloak)
rCorr   .          Rampage  .   (no gloves)
Will    +++..                   s - +0 pair of boots
Stlth   ++........              (no amulet)
HPRegen 0.23/turn               w - ring of protection from fire
MPRegen 0.11/turn               (no ring)

@: no status effects
A: fangs 1, strong nose, distributed training
a: Renounce Religion, Potion Petition, Call Merchant, Bribe Branch


You were on level 7 of the Dungeon.
You worshipped Gozag.
Gozag was most pleased with you.
You visited 1 branch of the dungeon, and saw 8 of its levels.

You collected 1335 gold pieces.
You spent 36 gold pieces at shops.
You paid 286 gold pieces to Gozag.

Inventory:

Hand Weapons
 a - a +0 vorpal sling
 b - the +2 war axe of Inference (weapon) {venom, Will+++ Str-3 Int+3}
   (You found it on level 4 of the Dungeon)

   It poisons the flesh of those it strikes.
   Str:       It affects your strength (-3).
   Int:       It affects your intelligence (+3).
   Will:      It greatly increases your willpower.
Missiles
 c - 4 curare-tipped darts (quivered)
 l - 6 poisoned darts
 B - 6 javelins
 G - 5 atropa-tipped darts
 I - a throwing net
Armour
 f - the +1 helmet of the Candlemaker (worn) {rF+ MP-9 Str+4}
   (You found it on level 2 of the Dungeon)

   Str:       It affects your strength (+4).
   rF:        It protects you from fire.
   MP:        It affects your magic capacity (-9).
 s - a +0 pair of boots (worn)
 E - +0 swamp dragon scales (worn)
Jewellery
 w - a ring of protection from fire (left hand)
Wands
 d - a wand of flame (21)
 g - a wand of polymorph (3)
 i - a wand of mindburst (5)
 q - a wand of roots (10)
 y - a wand of light (18)
 A - a wand of paralysis (4)
Scrolls
 e - 4 scrolls of teleportation
 j - 2 scrolls of immolation {unknown}
 k - 2 scrolls of enchant weapon
 m - a scroll of fear
 n - 3 scrolls of amnesia
 t - 2 scrolls of poison {unknown}
 u - a scroll of torment {unknown}
 x - 2 scrolls of brand weapon
 z - a scroll of blinking {unknown}
 F - 2 scrolls of butterflies {unknown}
 H - a scroll of silence {unknown}
 J - 2 scrolls of enchant armour {unknown}
Potions
 h - a potion of cancellation
 o - a potion of attraction
 p - 2 potions of might
 r - 2 potions of curing
 v - 2 potions of mutation
 C - 2 potions of flight {unknown}
 D - 2 potions of magic {unknown}


   Skills:
 + Level 7.0 Fighting
 + Level 5.2 Short Blades
 + Level 5.2 Long Blades
 + Level 5.2 Axes
 + Level 5.2 Maces & Flails
 + Level 5.2 Polearms
 + Level 5.2 Staves
 + Level 5.9 Ranged Weapons
 + Level 8.5 Throwing
 + Level 5.9 Armour
 + Level 5.2 Dodging
 + Level 5.2 Stealth
 + Level 5.2 Shields
 + Level 5.2 Unarmed Combat
 + Level 5.2 Spellcasting
 + Level 4.3 Conjurations
 + Level 4.3 Hexes
 + Level 4.3 Summonings
 + Level 4.3 Necromancy
 + Level 4.3 Translocations
 + Level 4.3 Transmutations
 + Level 4.3 Fire Magic
 + Level 4.3 Ice Magic
 + Level 4.3 Air Magic
 + Level 4.3 Earth Magic
 + Level 4.3 Poison Magic
 + Level 5.7 Invocations
 + Level 8.5 Evocations


You had 14 spell levels left.
You knew the following spells:

 Your Spells              Type           Power      Damage    Failure   Level
a - Summon Lightning Spi  Summ/Air       16%        N/A       47%         4
b - Apportation           Tloc           32%        N/A       5%          1

Your spell library contained the following spells:

 Spells                   Type           Power      Damage    Failure   Level
 Shock                    Conj/Air       64%        1d7       5%          1
 Airstrike                Air            8%         2d(2-18)  47%         4
 Alistair's Intoxication  Tmut/Pois      10%        N/A       83%         5
 Lightning Bolt           Conj/Air       8%         1d20      83%         5


Dungeon Overview and Level Annotations

Branches:
Dungeon (8/15)             Temple (0/1) D:6
   Lair: D:8-11

Altars:
Gozag
Trog
Xom

Shops:
D:1 !   D:2 =

Annotations:
D:7 1 runed translucent door


Innate Abilities, Weirdness & Mutations

You have very sharp teeth.
Your uncanny sense of smell can sniff out nearby items.
Your experience applies equally to all skills.


Message History

The shadow is severely damaged.
The shadow hits you.
* * * LOW HITPOINT WARNING * * *
You slash the shadow!
You destroy the shadow!
You now have 1013 gold pieces (gained 9).
A seven-headed hydra comes into view.
A seven-headed hydra is nearby!
A seven-headed hydra is nearby!
The seven-headed hydra roars!
You hear a shout! x2
You see here 5 gold pieces.
There is a stone staircase leading down, spattered with blood here.
The seven-headed hydra completely misses you.
The seven-headed hydra closely misses you. x2
The seven-headed hydra completely misses you.
The seven-headed hydra bites you.
* * * LOW HITPOINT WARNING * * *
The seven-headed hydra bites you but does no damage. x2
You see here 5 gold pieces.
You chop one of the seven-headed hydra's heads off!
The six-headed hydra grows two more!
You slash the eight-headed hydra!
The eight-headed hydra is lightly wounded.
You hit the orc.
The orc is poisoned.
The eight-headed hydra bites you.
* * * LOW HITPOINT WARNING * * *
The eight-headed hydra misses you.
The eight-headed hydra bites you but does no damage.
The eight-headed hydra bites you.
* * * LOW HITPOINT WARNING * * *
The eight-headed hydra bites you.
* * * LOW HITPOINT WARNING * * *
The eight-headed hydra bites you.
* * * LOW HITPOINT WARNING * * *
The eight-headed hydra bites you but does no damage.
The eight-headed hydra barely misses you.
The orc barely misses you. The orc closely misses you.
The eight-headed hydra misses you.
The eight-headed hydra closely misses you.
The eight-headed hydra bites you!
You die...
Your body crumbles into a pile of gold.

#####
##....##
...$..#
#...#####
#$.....#
##>$...# ###
#.@D.#.##
...
#..o.#..#
..# ...
#....#.#
#..#
#....#.#
#...
#..#.##.##
#..
#.....#...#
#.. #
#....##...#
#.. ##
#....#...J.#
##.. .#
...##..#..#
#...


You could see an eight-headed hydra and an orc (very poisoned).

Vanquished Creatures
  A cyclops (D:7)
  Grinder (D:4)
  A shadow (D:7)
  A wyvern (D:7)
  A steam dragon (D:7)
  Menkaure (D:6)
  A water moccasin (D:7)
  An ice beast (D:7)
  3 orc warriors
  3 sky beasts
  2 centaurs (D:7)
  3 phantoms
  A bullfrog (D:7)
  6 scorpions
  4 hounds
  6 jellies
  3 orc priests (D:6)
  A gnoll bouda (D:5)
  Jessica (D:2)
  8 iguanas
  Terence (D:2)
  Ijyb (D:3)
  Natasha (thrice) (D:2)
  4 orc wizards
  11 gnolls
  7 adders
  4 white imps
  2 ufetubi
  2 worms (D:4)
  2 dart slugs (D:1)
  20 orcs
  7 ball pythons
  9 endoplasms
  2 giant cockroaches
  5 goblins
  8 hobgoblins
  3 jackals (D:2)
  12 kobolds
  5 quokkas
  5 bats
  6 frilled lizards
  8 rats
176 creatures vanquished.

Notes
Turn   | Place    | Note
-------+----------+-------------------------------------------
     0 | D:1      | zenocrate the Gnoll Wanderer began the quest for the Orb.
     0 | D:1      | zenocrate set off with the following items: a +2 dagger, 2
                  | curare-tipped darts, a +0 sling, a wand of flame (6), a
                  | scroll of teleportation, a +0 robe.
     0 | D:1      | Reached XP level 1. HP: 20/20 MP: 1/1
   133 | D:1      | Reached XP level 2. HP: 26/26 MP: 2/2
   465 | D:1      | Reached XP level 3. HP: 24/31 MP: 3/3
   768 | D:1      | Found a faded altar of an unknown god.
   772 | D:1      | Got Plato's Vellum of the Birds
   773 | D:1      | Prayed at the altar of an unknown god.
   773 | D:1      | Became a worshipper of Gozag Ym Sagoz the Greedy
   780 | D:1      | Found Kiytwin's Distillery.
   792 | D:1      | Bought a potion of lignification for 36 gold pieces
   817 | D:1      | Reached skill level 1 in Invocations
  1007 | D:2      | Found Zylinerph's Jewellery Shoppe.
  1093 | D:2      | Noticed Jessica
  1102 | D:2      | Killed Jessica
  1103 | D:2      | Reached skill level 1 in Short Blades
  1103 | D:2      | Reached skill level 1 in Long Blades
  1103 | D:2      | Reached skill level 1 in Axes
  1103 | D:2      | Reached skill level 1 in Maces & Flails
  1103 | D:2      | Reached skill level 1 in Polearms
  1103 | D:2      | Reached skill level 1 in Staves
  1103 | D:2      | Reached skill level 1 in Dodging
  1103 | D:2      | Reached skill level 1 in Stealth
  1103 | D:2      | Reached skill level 1 in Shields
  1103 | D:2      | Reached skill level 1 in Unarmed Combat
  1103 | D:2      | Reached skill level 1 in Spellcasting
  1103 | D:2      | Reached XP level 4. HP: 5/38 MP: 5/5
  1449 | D:2      | Reached skill level 1 in Conjurations
  1449 | D:2      | Reached skill level 1 in Hexes
  1449 | D:2      | Reached skill level 1 in Summonings
  1449 | D:2      | Reached skill level 1 in Necromancy
  1449 | D:2      | Reached skill level 1 in Translocations
  1449 | D:2      | Reached skill level 1 in Transmutations
  1449 | D:2      | Reached skill level 1 in Fire Magic
  1449 | D:2      | Reached skill level 1 in Ice Magic
  1449 | D:2      | Reached skill level 1 in Air Magic
  1449 | D:2      | Reached skill level 1 in Earth Magic
  1449 | D:2      | Reached skill level 1 in Poison Magic
  1696 | D:2      | Noticed Natasha
  1704 | D:2      | Killed Natasha
  1705 | D:2      | Reached XP level 5. HP: 43/43 MP: 5/7
  1841 | D:2      | Noticed Natasha
  1849 | D:2      | Killed Natasha
  1947 | D:2      | Noticed Natasha
  1960 | D:2      | HP: 1/43 [Natasha (8)]
  1963 | D:2      | Killed Natasha
  2451 | D:2      | Noticed Terence
  2453 | D:2      | Identified the +1 helmet of the Candlemaker {rF+ MP-9
                  | Str+4}
  2462 | D:2      | Killed Terence
  2765 | D:3      | Reached XP level 6. HP: 41/50 MP: 0/8
  3264 | D:3      | Noticed Ijyb
  3268 | D:3      | Paralysed by Ijyb for 4 turns
  3280 | D:3      | Paralysed by Ijyb for 3 turns
  3285 | D:3      | Killed Ijyb
  3286 | D:3      | Reached skill level 5 in Fighting
  3959 | D:4      | Noticed Grinder
  3986 | D:4      | Reached XP level 7. HP: 56/56 MP: 2/10
  4005 | D:4      | Killed Grinder
  4279 | D:4      | Identified the +2 war axe of Inference {venom, Will+++
                  | Str-3 Int+3}
  4352 | D:4      | Noticed a moth of wrath
  4556 | D:4      | Found a bloodstained altar of Trog.
  5050 | D:5      | Entered Level 5 of the Dungeon
  5196 | D:5      | Learned a level 4 spell: Summon Lightning Spire
  5210 | D:5      | Learned a level 1 spell: Apportation
  5382 | D:5      | Reached XP level 8. HP: 63/63 MP: 3/12
  6224 | D:6      | Found a shimmering altar of Xom.
  6783 | D:6      | Identified the -2 pair of gloves of Wuwn {rC+ Int+4 Stlth+}
  6927 | D:6      | Noticed Menkaure
  6939 | D:6      | Killed Menkaure
  6940 | D:6      | Reached XP level 9. HP: 23/69 MP: 4/15
  7482 | D:6      | Found a staircase to the Ecumenical Temple.
  7770 | D:6      | Reached skill level 5 in Ranged Weapons
  7770 | D:6      | Reached skill level 5 in Armour
  8370 | D:7      | Reached skill level 5 in Invocations
  8419 | D:7      | Noticed a cyclops
  8423 | D:7      | Found a runed translucent door.
  8434 | D:7      | Killed a cyclops
  8448 | D:7      | Reached skill level 5 in Short Blades
  8448 | D:7      | Reached skill level 5 in Long Blades
  8448 | D:7      | Reached skill level 5 in Axes
  8448 | D:7      | Reached skill level 5 in Maces & Flails
  8448 | D:7      | Reached skill level 5 in Polearms
  8448 | D:7      | Reached skill level 5 in Staves
  8448 | D:7      | Reached skill level 5 in Dodging
  8448 | D:7      | Reached skill level 5 in Stealth
  8448 | D:7      | Reached skill level 5 in Shields
  8448 | D:7      | Reached skill level 5 in Unarmed Combat
  8448 | D:7      | Reached skill level 5 in Spellcasting
  8448 | D:7      | Reached XP level 10. HP: 26/77 MP: 8/17
  8793 | D:7      | Noticed a six-headed hydra
  8804 | D:7      | Noticed a five-headed hydra
  9129 | D:7      | Noticed a seven-headed hydra
  9133 | D:7      | Slain by an eight-headed hydra

Illustrated notes

Levels and vault maps discovered:
D:1:      minmay_arrival_up_and_down, layout_rooms, serial_forest,
          infiniplex_forest_clump_tiny, infiniplex_forest_fountain,
          infiniplex_forest_straight_2, infiniplex_forest_lined_2,
          infiniplex_forest_straight_2, infiniplex_forest_straight_3,
          infiniplex_forest_side_room, serial_shops, shop,
          shapermc_ecumenical_altar_rom_forum, hangedman_glass_teeth
D:2:      layout_basic, serial_shops, nicolae_shop_advertising_works
          [nicolae_subvault_shop_adworks], uniq_jessica, uniq_terence,
          uniq_natasha
D:3:      layout_loops_ring, uniq_ijyb
D:4:      layout_loops_ring, tgw_trog, enter_ossuary_5, grunt_ministairs_8,
          uniq_grinder
D:5:      layout_gridville
D:6:      layout_basic, dk_xom_monty_hall, temple_pool_b,
          minmay_fractal_squares_diagonal_5, uniq_menkaure
D:7:      minmay_the_grid_four_pointed_star
          [minmay_the_grid_triangle_9x9_checkered,
          minmay_the_grid_triangle_9x9_subtriangle,
          minmay_the_grid_triangle_9x9_stretched_checkered,
          minmay_the_grid_triangle_9x9_pentomino_pain,
          minmay_the_grid_prize_big_room], layout_layer_cave,
          lemuel_coloured_pillars_altar
D:8:      layout_gridville, hellmonk_guarded_unrand_gyre_and_gimble, uniq_erica,
          uniq_maggie, uniq_pikel

Skill      XL: |  1  2  3  4  5  6  7  8  9 10 |
---------------+-------------------------------+-----
Invocations    | 1 2 3 4 5 |  5.7
Short Blades   | 1 2 3 4 5 |  5.2
Long Blades    | 1 2 3 4 5 |  5.2
Axes           | 1 2 3 4 5 |  5.2
Maces & Flails | 1 2 3 4 5 |  5.2
Polearms       | 1 2 3 4 5 |  5.2
Staves         | 1 2 3 4 5 |  5.2
Dodging        | 1 2 3 4 5 |  5.2
Stealth        | 1 2 3 4 5 |  5.2
Shields        | 1 2 3 4 5 |  5.2
Unarmed Combat | 1 2 3 4 5 |  5.2
Spellcasting   | 1 2 3 4 5 |  5.2
Conjurations   | 1 2 3 4 |  4.3
Hexes          | 1 2 3 4 |  4.3
Summonings     | 1 2 3 4 |  4.3
Necromancy     | 1 2 3 4 |  4.3
Translocations | 1 2 3 4 |  4.3
Transmutations | 1 2 3 4 |  4.3
Fire Magic     | 1 2 3 4 |  4.3
Ice Magic      | 1 2 3 4 |  4.3
Air Magic      | 1 2 3 4 |  4.3
Earth Magic    | 1 2 3 4 |  4.3
Poison Magic   | 1 2 3 4 |  4.3
Ranged Weapons | 3 4 5 |  5.9
Armour         | 3 4 5 |  5.9
Fighting       | 5 6 7 |  7.0
Throwing       | 7 8 |  8.5
Evocations     | 7 8 |  8.5

Action                   |  1- 3 |  4- 6 |  7- 9 | 10-12 || total
-------------------------+-------+-------+-------+-------++-------
Melee: Dagger            |    67 |    19 |       |       ||    86
       Bite              |     9 |    11 |    36 |    12 ||    68
       Short sword       |       |   113 |    20 |       ||   133
       Punch             |       |     1 |     9 |     1 ||    11
       War axe           |       |       |   238 |    50 ||   288
 Fire: Sling             |    44 |    85 |    28 |     4 ||   161
Invok: Potion Petition   |       |       |     1 |       ||     1
Evoke: Wand              |       |       |       |     1 ||     1
  Use: Scroll            |     2 |     5 |     2 |     1 ||    10
       Potion            |       |     2 |     2 |       ||     4
 Stab: Sleeping          |       |     2 |     7 |       ||     9
       Distracted        |       |       |     4 |       ||     4
       Paralysed         |       |       |       |    14 ||    14
Armor: Robe              |     5 |       |       |       ||     5
       Ring mail         |    28 |    83 |    40 |       ||   151
       Skin              |       |     7 |    11 |       ||    18
       Swamp dragon scal |       |       |    95 |    30 ||   125
Dodge: Dodged            |    36 |    98 |   171 |    58 ||   363
